 Dungeon Crawl Stone Soup version 0.21.1-1-g345015f (webtiles) character file.

96 erloom the Skirmisher (level 4, 0/37 HPs)
             Began as a Demonspawn Fighter on Mar 5, 2018.
             Slain by an adder (1 damage)
             ... on level 3 of the Dungeon.
             The game lasted 00:04:26 (1438 turns).

erloom the Skirmisher (Demonspawn Fighter)          Turns: 1438, Time: 00:04:27

Health: 0/37       AC:  8    Str: 16    XL:     4   Next: 41%
Magic:  4/4        EV:  4    Int: 11    God:
Gold:   92         SH:  8    Dex: 12    Spells: 3/3 levels left

rFire    . . .     SeeInvis .   a - +0 war axe
rCold    . . .     Gourm    .   c - +0 shield
rNeg     . . .     Faith    .   k - +0 chain mail
rPois    .         Spirit   .   (helmet restricted)
rElec    .         Reflect  .   (no cloak)
rCorr    .         Harm     .   (no gloves)
MR       .....                  (no boots)
Stlth    ..........             (no amulet)
HPRegen  0.12/turn              (no ring)
MPRegen  0.09/turn              (no ring)

@: lethally poisoned (0 -> -2)
A: horns 1, nightstalker 2
a: no special abilities


You were on level 3 of the Dungeon.
You were very hungry.

You visited 1 branch of the dungeon, and saw 3 of its levels.

You collected 92 gold pieces.

Inventory:

Hand Weapons
 a - a +0 war axe (weapon)
Armour
 b - a +0 scale mail
 c - a +0 shield (worn)
 k - a +0 chain mail (worn)
Jewellery
 o - an uncursed ring of magical power {unknown}
Scrolls
 e - a scroll of blinking {unknown}
 h - 5 scrolls of remove curse {unknown}
 i - a scroll of immolation {unknown}
 j - a scroll of noise {unknown}
 l - a scroll of magic mapping {unknown}
 m - a scroll of fear {unknown}
Potions
 d - a potion of might
 g - 2 potions of flight {unknown}
 n - a potion of agility {unknown}
Comestibles
 f - 4 rations


   Skills:
 + Level 4.2 Fighting
 + Level 3.2 Axes
 - Level 2.6 Armour
 - Level 2.6 Shields


You had 3 spell levels left.
You didn't know any spells.

Dungeon Overview and Level Annotations

Branches:
Dungeon (3/15)

Altars:
Okawaru


Innate Abilities, Weirdness & Mutations

You have a pair of small horns on your head.
You are significantly more attuned to the shadows.


Message History

Your shield and chain mail prevent you from hitting the adder.
You block the adder's attack. The adder bites you.
* * * LOW HITPOINT WARNING * * *
You are poisoned.
The adder poisons you!
You closely miss the adder.
You feel sick. The adder bites you.
* * * LOW HITPOINT WARNING * * *
The adder bites you.
* * * LOW HITPOINT WARNING * * *
You miss the adder.
You feel sick. The adder bites you but does no damage. The adder bites you.
* * * LOW HITPOINT WARNING * * *
You closely miss the adder.
You are feeling very hungry.
The adder bites you but does no damage. You block the adder's attack.
You miss the adder.
* * * LOW HITPOINT WARNING * * *
You feel sick. You block the adder's attack. x2
You miss the adder. The adder barely misses you. The adder bites you.
You die...

#.......)..#
#..........#
#..........#
######..####
#..## #...#
#.#.#
#.#.####
#.#.@S.#
#.####h#
.......#
.S....#
.......
.S...#.
..... .#


You could see an adder and a jackal (wandering).

Vanquished Creatures
  A hound (D:3)
  2 adders
  2 oozes
  An adder zombie (D:2)
  A leopard gecko (D:2)
  An orc (D:3)
  4 bats
  3 giant cockroaches
  7 hobgoblins
  7 kobolds
  2 frilled lizards
  3 goblins
  4 rats
38 creatures vanquished.

Notes
Turn   | Place    | Note
-------+----------+-------------------------------------------
     0 | D:1      | erloom the Demonspawn Fighter began the quest for the Orb.
     0 | D:1      | Reached XP level 1. HP: 18/18 MP: 1/1
   133 | D:1      | Gained mutation: You are slightly more attuned to the shadows. [demonic ancestry]
   133 | D:1      | Reached XP level 2. HP: 20/24 MP: 2/2
   874 | D:2      | Gained mutation: You are significantly more attuned to the shadows. [demonic ancestry]
   874 | D:2      | Reached XP level 3. HP: 28/29 MP: 3/3
  1221 | D:2      | Found an iron altar of Okawaru.
  1395 | D:3      | Reached skill level 4 in Fighting
  1427 | D:3      | Gained mutation: You have a pair of small horns on your head. [demonic ancestry]
  1427 | D:3      | Reached XP level 4. HP: 15/37 MP: 4/4
  1437 | D:3      | HP: 1/37 [poisoned by an adder]
  1438 | D:3      | Slain by an adder

Skill      XL: |  1  2  3 |
---------------+----------+-----
Axes           | 2 3 |  3.2
Fighting       | 4 |  4.2
Armour         | |  2.6
Shields        | |  2.6

Action                   |  1- 3 |  4- 6 || total
-------------------------+-------+-------++-------
Melee: War axe           |   132 |    11 ||   143
  Eat: Chunk             |     1 |       ||     1
Armor: Scale mail        |    26 |       ||    26
       Chain mail        |    61 |     6 ||    67
Dodge: Dodged            |    36 |     4 ||    40
Block: Shield            |    66 |     5 ||    71
